 Dungeon Sprint DCSS version 0.20-a0-1122-gb7cbeb9 (webtiles) character file.

65 Dipster the Reanimator (level 3, -4/42 HPs)
             Began as a Deep Dwarf Necromancer on May 12, 2017.
             Slain by a water elemental (18 damage)
             ... in the Dungeon (Sprint III: "The Ten Rune Challenge").
             The game lasted 00:02:53 (362 turns).

Dipster the Reanimator (Deep Dwarf Necromancer)      Turns: 362, Time: 00:02:53

Health: -4/42      AC:  2    Str: 16    XL:     3   Next: 92%
Magic:  9/9        EV: 12    Int: 16    God:
Gold:   18         SH:  0    Dex: 13    Spells: 5/10 levels left

rFire    . . .     SeeInvis .   (no weapon)
rCold    . . .     Gourm    .   (no shield)
rNeg     . . .     Faith    .   a - +0 robe
rPois    .         Spirit   .   (no helmet)
rElec    .         Reflect  .   (no cloak)
rCorr    .         Harm     .   (no gloves)
MR       +....     NoTele   +   (no boots)
Stlth    ..........             (no amulet)
Regen    0.0/turn               (no ring)
MPRegen  0.2/turn               (no ring)

@: berserking (expiring), engulfed (cannot breathe), non-regenerating, hasted,
very quick
A: damage resistance, heal wounds, talons 1, high mp 1, magic resistance 1,
sense surroundings 1, evolution 1, no regeneration
a: Heal Wounds


You were in the Dungeon.
You were not hungry.

You visited 1 branch You collected 18 gold pieces.

Inventory:

Armour
 a - a +0 robe (worn)
Scrolls
 i - a scroll of blinking
 j - a scroll of fog {unknown}
 l - 2 scrolls of identify
 n - a scroll of holy word {unknown}
 o - a scroll of enchant weapon {unknown}
 r - a scroll of immolation
 s - a scroll of remove curse {unknown}
Potions
 d - 2 potions of curing
 e - a potion of heal wounds
 g - 2 potions of magic
 m - a potion of mutation
 q - 3 potions of flight
Books
 b - a book of Necromancy

   Spells                             Type                      Level
   a - Pain                           Necromancy                   1
   b - Animate Skeleton               Necromancy                   1
   c - Vampiric Draining              Necromancy                   3
   d - Regeneration                   Charms/Necromancy            3
   e - Animate Dead                   Necromancy                   4
   f - Control Undead                 Necromancy                   4
Comestibles
 c - a bread ration
 k - 8 chunks of flesh
 p - a royal jelly
 t - a meat ration


   Skills:
 - Level 2.1 Dodging
 - Level 2.4 Stealth
 + Level 4.0 Spellcasting
 * Level 8.2 Necromancy


You had 5 spell levels left.
You knew the following spells:

 Your Spells              Type           Power        Failure   Level  Hunger
a - Pain                  Necr           ####         1%          1    None
b - Animate Skeleton      Necr           N/A          1%          1    None
c - Vampiric Draining     Necr           ####......   1%          3    ###....


Dungeon Overview and Level Annotations

Branches:
Dungeon (1/1)

Altars:


Innate Abilities, Weirdness & Mutations

You are resistant to damage.
You can heal yourself by infusing magical energy.
You passively map a small area around you.
You do not regenerate.
You have sharp toenails.
You have an increased reservoir of magic. (+10% MP)
You are resistant to hostile enchantments. (MR+)
You evolve.


Message History

You feel yourself moving faster!
You feel mighty!
You feel a strong urge to attack something.
The water elemental barely misses you.
There is an open door to the Ecumenical Temple here.
You hit the water elemental.
The water elemental is lightly damaged.
The water elemental hits you!
The water elemental engulfs you in water!
You completely miss the water elemental.
The water elemental is lightly damaged.
Your lungs strain for air!
You closely miss the water elemental.
The water elemental is lightly damaged.
Your lungs strain for air!
The water elemental hits you!
You barely miss the water elemental.
The water elemental is lightly damaged.
Your lungs strain for air!
The water elemental hits you!!
You die...

▓▓▓▓▓▓▓▓▓▓▓ ▓▓▓
.#..'.....♣ ♣.# ,*
.#..#.....♣♣ ♣♣.# _ _ *
'####....♣.♣ ♣..# *_ ,
....#....≈.♣♣♣..###+#+##
....#...≈≈♣♣♣...#.......
,
....#..≈≈≈≈.♣.♣.@.⌠.....
, ,
###'#..≈≈≈≈≈≈♣..#E..####
....#.≈≈≈≈≈≈....#.⌠.# _
.Z..#.≈≈≈≈≈.....#...#
....#.≈≈≈.......#+###__
, ,* #####...........#
....)...........# _*
▓▓▓▓▓▓▓▓▓▓▓▓▓▓▓▓▓ ** **
≈ ≈ ≈ *


You could see a water elemental.

Vanquished Creatures
  Jessica (D)
  A human (D)
  A wolf (D)
  An ooze (D)
  2 rats (D)
6 creatures vanquished.

Vanquished Creatures (others)
  2 draconian scorchers (D)
  6 hellions (D)
  A yaktaur (D)
9 creatures vanquished.

Grand Total: 15 creatures vanquished

Notes
Turn   | Place    | Note
-------+----------+-------------------------------------------
     0 | D        | Dipster the Deep Dwarf Necromancer began the quest for the Orb.
     0 | D        | Reached XP level 1. HP: 15/15 MP: 3/3
    12 | D        | Reached skill level 5 in Necromancy
    69 | D        | Noticed Jessica
    72 | D        | Killed Jessica
    72 | D        | Reached skill level 7 in Necromancy
    72 | D        | Reached XP level 2. HP: 16/22 MP: 0/6
    72 | D        | Reached XP level 3. HP: 20/28 MP: 0/7
   107 | D        | Killed a hellion
   145 | D        | Killed a hellion
   145 | D        | Killed a hellion
   146 | D        | Learned a level 1 spell: Animate Skeleton
   146 | D        | Killed a hellion
   150 | D        | Learned a level 3 spell: Vampiric Draining
   172 | D        | Killed a yaktaur
   176 | D        | Killed a hellion
   177 | D        | Killed a hellion
   221 | D        | Reached skill level 8 in Necromancy
   238 | D        | Killed a white draconian scorcher
   304 | D        | Killed a white draconian scorcher
   349 | D        | Gained mutation: You tend to lose your temper in combat. [potion of mutation]
   349 | D        | Gained mutation: You occasionally shout uncontrollably at your foes. [potion of mutation]
   349 | D        | Gained mutation: Your spells are a little harder to cast, but a little more powerful. [potion of mutation]
   350 | D        | Lost mutation: Your spells are a little harder to cast, but a little more powerful. [potion of mutation]
   350 | D        | Lost mutation: You tend to lose your temper in combat. [potion of mutation]
   350 | D        | Lost mutation: You occasionally shout uncontrollably at your foes. [potion of mutation]
   350 | D        | Gained mutation: You have an increased reservoir of magic. (+10% MP) [potion of mutation]
   350 | D        | Gained mutation: You have sharp toenails. [potion of mutation]
   350 | D        | Gained mutation: You are resistant to hostile enchantments. (MR+) [potion of mutation]
   350 | D        | Gained mutation: You evolve. [potion of mutation]
   353 | D        | Noticed a water elemental
   362 | D        | Slain by a water elemental

Vault maps used:
D:        dungeon_sprint_mu

Skill      XL: |  1  2  3 |
---------------+----------+-----
Spellcasting   | 3 4 |  4.0
Necromancy     | 7 8 |  8.2
Dodging        | |  2.1
Stealth        | |  2.4

Action                   || total
-------------------------++-------
Melee: Unarmed           ||    11
 Cast: Pain              ||    19
       Animate Skeleton  ||     4
 Abil: Heal Wounds       ||     2
  Use: Potion            ||     4
       Scroll            ||     2
Dodge: Dodged            ||     8
